 Dungeon Crawl Stone Soup version 0.23-a0-307-gc3b755d (webtiles) character file.

291 Ijustatesigmund the Stinger (level 6, -1/36 HPs)
             Began as an Octopode Wizard on Oct 10, 2018.
             Slain by an orc wizard
             ... wielding a +0 dagger
              (4 damage)
             ... on level 3 of the Dungeon.
             The game lasted 00:07:08 (3148 turns).

Ijustatesigmund the Stinger (Octopode Wizard)       Turns: 3148, Time: 00:07:08

Health: -1/36      AC:  1    Str:  6    XL:     6   Next: 32%
Magic:  2/10       EV: 13    Int: 20    God:
Gold:   183        SH:  0    Dex: 13    Spells: 5/11 levels left

rFire    . . .     SeeInvis .   d - +1 scythe
rCold    . . .     Gourm    .   (shield currently unavailable)
rNeg     . . .     Faith    .   a - +0 hat
rPois    .         Spirit   .   (no amulet)
rElec    .         Reflect  .   (no ring)
rCorr    .         Harm     .   (no ring)
MR       .....                  (no ring)
Stlth    +++.......             (no ring)
HPRegen  0.12/turn              (no ring)
MPRegen  0.12/turn              (no ring)
                                (no ring)
                                (no ring)

@: no status effects
A: almost no armour, stealthy swim, amphibious, 8 rings, constrict 8, camouflage
1, gelatinous body 1
a: no special abilities


You were on level 3 of the Dungeon.
You were not hungry.

You visited 1 branch of the dungeon, and saw 3 of its levels.

You collected 183 gold pieces.

Inventory:

Hand Weapons
 d - a +1 scythe (weapon)
Missiles
 e - 2 curare-tipped needles
Armour
 a - a +0 hat (worn)
Jewellery
 g - an uncursed ring of ice
Scrolls
 b - 2 scrolls of teleportation
 h - a scroll of remove curse
 i - a scroll of amnesia
Potions
 f - a potion of lignification
 j - a potion of magic
Comestibles
 c - 3 rations
 k - 2 chunks of flesh


   Skills:
 - Level 2.0 Dodging
 - Level 2.6 Stealth
 - Level 3.0 Spellcasting
 - Level 3.0 Conjurations
   Level 1.0 Summonings
 + Level 3.0 Translocations
 + Level 2.8 Air Magic
 + Level 3.4 Poison Magic


You had 5 spell levels left.
You knew the following spells:

 Your Spells              Type           Power        Failure   Level  Hunger
a - Magic Dart            Conj           ###.         4%          1    None
b - Blink                 Tloc           N/A          6%          2    ##.....
c - Mephitic Cloud        Conj/Pois/Air  ###.....     12%         3    ###....

Your spell library contained the following spells:

 Spells                   Type           Power        Failure   Level  Hunger
 Call Imp                 Summ           #.......     14%         2    ##.....
 Slow                     Hex            #.......     22%         2    ##.....
 Conjure Flame            Conj/Fire      #.......     22%         3    ###....


Dungeon Overview and Level Annotations

Branches:
Dungeon (3/15)

Altars:
Okawaru
The Shining One

Annotations:
D:3 1 runed door


Innate Abilities, Weirdness & Mutations

You cannot wear most types of armour.
You are very stealthy in the water. (Stealth+)
You are amphibious.
You can wear up to eight rings at the same time.
You can use your tentacles to constrict eight enemies at once.
Your skin changes colour to match your surroundings (Stealth+).
Your rubbery body absorbs attacks. (AC +1, EV +1)


Message History

You are too injured to fight recklessly!
You are too injured to fight recklessly!
It was a potion of curing.
You feel better.
You closely miss something. Something hits you but does no damage.
Something hits you.
You completely miss something.
You hear some strange, mumbled words.
A magic dart appears from out of thin air!
The magic dart hits you! Something hits you.
You barely miss something. Something hits you but does no damage.
Something hits you.
You closely miss something. Something hits you.
* * * LOW HITPOINT WARNING * * *
Something completely misses you.
It was a potion of cancellation.
You feel magically purged. Something hits you.
* * * LOW HITPOINT WARNING * * *
You closely miss something. Something hits you.
* * * LOW HITPOINT WARNING * * *
Something hits you.
You die...

..# #.#
#...............####.##.#
#..#
#..#.###.#######......##.#
#..# #).##.#
#..............##.>
......# #.#
##############.###. ###..
##.# #.)..... ## ...####
########....... ..(....
.............†.
.......##########.......
....†..@.)...####.......
......{#####........###.
......) ########.....
....... ####.. ....... #..
....... ##. ..)...# #.
...... ##


There were no monsters in sight!

Vanquished Creatures
  Sigmund (D:2)
  Jessica (D:2)
  2 orc wizards (D:3)
  An ooze (D:2)
  A dart slug (D:1)
  2 leopard geckos
  2 orcs (D:3)
  7 bats
  5 giant cockroaches
  8 hobgoblins
  7 jackals
  A quokka (D:3)
  2 frilled lizards
  6 goblins
  4 kobolds
  9 rats
59 creatures vanquished.

Notes
Turn   | Place    | Note
-------+----------+-------------------------------------------
     0 | D:1      | Ijustatesigmund the Octopode Wizard began the quest for the
                  | Orb.
     0 | D:1      | Reached XP level 1. HP: 11/11 MP: 4/4
   391 | D:1      | Reached XP level 2. HP: 17/17 MP: 3/6
   395 | D:1      | Learned a level 2 spell: Blink
   994 | D:1      | Reached XP level 3. HP: 21/21 MP: 2/7
  1288 | D:1      | Learned a level 3 spell: Mephitic Cloud
  1724 | D:2      | Found an iron altar of Okawaru.
  1974 | D:2      | Noticed Sigmund
  2096 | D:2      | Killed Sigmund
  2096 | D:2      | Reached XP level 4. HP: 27/27 MP: 8/8
  2096 | D:2      | Reached XP level 5. HP: 31/31 MP: 9/9
  2292 | D:2      | Noticed Jessica
  2296 | D:2      | Killed Jessica
  2895 | D:3      | Reached XP level 6. HP: 36/36 MP: 7/10
  2940 | D:3      | Found a glowing golden altar of the Shining One.
  2940 | D:3      | Noticed an angel
  2946 | D:3      | Found a runed door.
  3148 | D:3      | Slain by an orc wizard

Vault maps used:
D:1:      moated_graveyard_arrival, minmay_statues_item, st_stairs_8,
          minmay_pentomino_p4
D:2:      minmay_door_path, okawaru_trees_2, uniq_jessica, uniq_sigmund
D:3:      amethyst_overflow_temple_binary, minivault_27, lemuel_angel_altar

Skill      XL: |  1  2  3  4  5  6 |
---------------+-------------------+-----
Conjurations   | 2 3 |  3.0
Translocations | 2 3 |  3.0
Air Magic      | 2 |  2.8
Poison Magic   | 2 3 |  3.4
Dodging        | |  2.0
Stealth        | |  2.6
Spellcasting   | |  3.0
Summonings     | |  1.0

Action                   |  1- 3 |  4- 6 || total
-------------------------+-------+-------++-------
Melee: Unarmed           |    41 |       ||    41
       Constrict         |     9 |     5 ||    14
       Tentacles         |     4 |     2 ||     6
       Scythe            |       |    26 ||    26
 Cast: Magic Dart        |    69 |    45 ||   114
  Use: Potion            |     4 |     2 ||     6
       Scroll            |     2 |     4 ||     6
 Stab: Sleeping          |     2 |     6 ||     8
  Eat: Chunk             |     3 |     4 ||     7
Armor: Skin              |     8 |     3 ||    11
Dodge: Dodged            |    38 |    18 ||    56

Table legend:
 A = Non-vault XP
 B = Vault XP
 C = Vault XP percentage of total XP
 D = Non-vault monster count
 E = Vault monster count
 F = Vault count percentage of total count
                 A         B        C        D         E       F
            +---------+---------+-------+---------+---------+-------
      Total |     169 |     247 |  59.4 |      48 |      11 |  18.6
            +---------+---------+-------+---------+---------+-------
        D:1 |      34 |       8 |  19.0 |      17 |       6 |  26.1
        D:2 |      29 |     239 |  89.2 |      15 |       5 |  25.0
        D:3 |     106 |       0 |   0.0 |      16 |       0 |   0.0
            +---------+---------+-------+---------+---------+-------
